 Dungeon Crawl Stone Soup version 0.23-a0-490-ge7ea69a (webtiles) character file.

7 zishaf the Insei (level 2, 0/14 HPs)
             Began as a Vine Stalker Transmuter on Dec 2, 2018.
             Slain by a rat (2 damage)
             ... on level 1 of the Dungeon.
             The game lasted 00:00:36 (63 turns).

zishaf the Insei (Vine Stalker Transmuter)            Turns: 63, Time: 00:00:36

Health: 0/14       AC:  2    Str: 12    XL:     2   Next: 4%
Magic:  0/6        EV: 12    Int: 13    God:
Gold:   28         SH:  0    Dex: 14    Spells: 4/5 levels left

rFire    . . .     SeeInvis .     - Unarmed
rCold    . . .     Gourm    .   (no shield)
rNeg     . . .     Faith    .   b - +0 robe
rPois    .         Spirit   +   (no helmet)
rElec    .         Reflect  .   (no cloak)
rCorr    .         Harm     .   (no gloves)
MR       .....                  (no boots)
Stlth    +.........             (no amulet)
HPRegen  0.04/turn              (no ring)
MPRegen  0.10/turn              (no ring)

@: no status effects
A: fangs 2, magic shield, antimagic bite, no potion heal 3, rot immunity
a: no special abilities


You were on level 1 of the Dungeon.
You were not hungry.

You visited 1 branch of the dungeon, and saw 1 of its levels.

You collected 28 gold pieces.

Inventory:

Missiles
 a - 12 arrows
Armour
 b - a +0 robe (worn)
Comestibles
 c - 4 chunks of flesh
 d - a ration


   Skills:
 * Level 1.2 Fighting
 * Level 1.7 Dodging
 + Level 3.0 Unarmed Combat
 + Level 2.2 Spellcasting
 + Level 2.1 Transmutations


You had 4 spell levels left.
You knew the following spells:

 Your Spells              Type           Power        Failure   Level  Hunger
a - Beastly Appendage     Tmut           #.....       11%         1    ##.....

Your spell library contained the following spells:

 Spells                   Type           Power        Failure   Level  Hunger
 Sticks to Snakes         Tmut           #.......     16%         2    ###....
 Spider Form              Tmut/Pois      #.........   43%         3    ####...
 Ice Form                 Ice/Tmut       #.......     85%         4    #####..
 Blade Hands              Tmut           #.........   96%         5    ######.


Dungeon Overview and Level Annotations

Branches:
Dungeon (1/15)

Altars:


Innate Abilities, Weirdness & Mutations

You have extremely sharp teeth.
When hurt, damage is shared between your health and your magic reserves.
Your bite disrupts and absorbs the magic of your enemies.
Potions cannot restore your health.
You are immune to rotting.


Message History

You hit the kobold.
You kill the kobold!
The rat misses you. The rat bites you. The kobold barely misses you.
You see here a +0 whip.
You hit the dart slug.
The dart slug is moderately wounded.
The kobold misses you. The dart slug launches a dart at you.
The slug dart hits you! The rat closely misses you.
You hit the dart slug.
The dart slug is severely wounded.
A frilled lizard comes into view.
The kobold barely misses you. The rat bites you but does no damage.
The dart slug barely misses you.
You hit the dart slug.
You kill the dart slug!
You have reached level 2!
The rat bites you.
You die...

#... #.####..#..##...#
#... #.# ##..).####..
#.... #.# ##..######..
...###.####...§h.h....
...#.....§§≈§≈≈≈≈..# #
#.#..#§#§≈.....≈.# ...
#....§........§≈.#
#...#K...§≈≈≈≈≈§§.§§.#
#.>r@#.§§.....≈..≈.#.
##..†##.§..≈§§...§§..
#.....!.≈..§§§§≈§≈..!
...#>....≈...§......#.
#####..##§≈§....≈.####
#..##§§≈≈≈§≈≈..#
#l....§§.......#
...##..........#
#.........##


You could see a kobold, a frilled lizard and a rat.

Vanquished Creatures
  A dart slug (D:1)
  2 jackals (D:1)
  A kobold (D:1)
  A goblin (D:1)
5 creatures vanquished.

Notes
Turn   | Place    | Note
-------+----------+-------------------------------------------
     0 | D:1      | zishaf the Vine Stalker Transmuter began the quest for the
                  | Orb.
     0 | D:1      | Reached XP level 1. HP: 9/9 MP: 4/4
    22 | D:1      | Reached skill level 1 in Fighting
    63 | D:1      | Reached XP level 2. HP: 2/14 MP: 0/6
    63 | D:1      | Slain by a rat

Vault maps used:
D:1:      ebering_hopf_link, minmay_tetromino_s4

Skill      XL: |  1 |
---------------+----+-----
Fighting       | 1 |  1.2
Dodging        | |  1.7
Unarmed Combat | |  3.0
Spellcasting   | |  2.2
Transmutations | |  2.1

Action                   || total
-------------------------++-------
Melee: Unarmed           ||    14
       Bite              ||     2
Armor: Robe              ||     4
Dodge: Dodged            ||    12

Table legend:
 A = Non-vault XP
 B = Vault XP
 C = Vault XP percentage of total XP
 D = Non-vault monster count
 E = Vault monster count
 F = Vault count percentage of total count
                 A         B        C        D         E       F
            +---------+---------+-------+---------+---------+-------
      Total |      11 |       0 |   0.0 |       5 |       0 |   0.0
            +---------+---------+-------+---------+---------+-------
        D:1 |      11 |       0 |   0.0 |       5 |       0 |   0.0
            +---------+---------+-------+---------+---------+-------
